 Dungeon Crawl Stone Soup version 0.29-a0-878-g7b45a56547 (webtiles) character file.

Game seed: 7675920004832501836

8 quixfox the Digger (level 2, 0/15 HPs)
             Began as a Gargoyle Earth Elementalist on July 20, 2022.
             Slain by a kobold
             ... wielding a +0 club
              (2 damage)
             ... on level 1 of the Dungeon.
             The game lasted 00:00:50 (167 turns).

quixfox the Digger (Gargoyle Earth Elementalist)     Turns: 167, Time: 00:00:50

Health: 0/15       AC:  4    Str: 11    XL:     2   Next: 8%
Magic:  0/5        EV: 11    Int: 15    God:
Gold:   20         SH:  0    Dex: 10    Spells: 4/5 levels left

rFire   . . .      SeeInvis .   (no weapon)
rCold   . . .      Faith    .   (no shield)
rNeg    + . .      Spirit   .   a - +0 robe
rPois   ∞          Reflect  .   (no helmet)
rElec   +          Harm     .   (no cloak)
rCorr   .          Rampage  .   (no gloves)
Will    .....                   (no boots)
Stlth   ++........              (no amulet)
HPRegen 0.05/turn               (no ring)
MPRegen 0.09/turn               (no ring)

@: no status effects
A: sickness immunity, AC +2, negative energy resistance 1, electricity
resistance, torment resistance 1, petrification resistance
a: no special abilities


You were on level 1 of the Dungeon.
You visited 1 branch of the dungeon, and saw 1 of its levels.

You collected 20 gold pieces.

Inventory:

Armour
 a - a +0 robe (worn)
Potions
 b - a potion of magic


   Skills:
 - Level 1.5 Dodging
 - Level 2.1 Stealth
 + Level 2.3 Spellcasting
 - Level 0.7 Transmutations
 + Level 4.0 Earth Magic


You had 4 spell levels left.
You knew the following spells:

 Your Spells              Type           Power      Damage    Failure   Level
a - Sandblast             Erth           26%        2d8       4%          1

Your spell library contained the following spells:

 Spells                   Type           Power      Damage    Failure   Level
 Passwall                 Tmut/Erth      6%         N/A       12%         2
 Stone Arrow              Conj/Erth      14%        3d7       28%         3
 Petrify                  Tmut/Erth      8%         N/A       63%         4


Dungeon Overview and Level Annotations

Branches:
Dungeon (1/15)

Altars:


Innate Abilities, Weirdness & Mutations

You are immune to sickness and miasma.
Your stone body is resilient. (AC +2)
You are immune to poison.
You resist negative energy. (rN+)
You are resistant to electric shocks. (rElec)
You are resistant to unholy torment.
You are immune to petrification.


Message History

You miss the bat.
The bat is severely wounded.
The bat hits you but does no damage. The kobold completely misses you.
You barely miss the bat.
The bat is severely wounded.
The bat misses you. The kobold barely misses you.
You barely miss the bat.
The bat is severely wounded.
The bat hits you but does no damage. The kobold hits you but does no damage.
The bat hits you but does no damage.
You hit the bat.
You kill the bat!
The kobold barely misses you.
Your Earth Magic skill increases to level 4!
You are too injured to fight recklessly!
Aiming: Sandblast (safe; 4% risk of failure)
Press: ? - help, Q - select action Shift-Dir - straight line, f - kobold
Aim: a kobold, wielding a +0 club and quivering stones (74% to hit)
The blast of sand misses the kobold.
The kobold hits you but does no damage.
The kobold throws a stone.
The stone hits you but does no damage.
You closely miss the kobold. The kobold barely misses you.
You hit the kobold.
The kobold is moderately wounded.
The kobold hits you but does no damage. The kobold closely misses you.
You hit the kobold but do no damage.
The kobold is moderately wounded.
The kobold closely misses you. The kobold hits you with a +0 club.
* * * LOW HITPOINT WARNING * * *
You barely miss the kobold.
The kobold is moderately wounded.
The kobold completely misses you. The kobold barely misses you.
You barely miss the kobold.
The kobold is moderately wounded.
The kobold misses you. The kobold hits you with a +0 club.
* * * LOW HITPOINT WARNING * * *
You hit the kobold but do no damage.
The kobold is moderately wounded.
The kobold hits you but does no damage. The kobold hits you with a +0 club.
You die...

#..##... ... ##..##.###.##
##.##.##.... #..#(....#
##..##...# ##K##...####
#K###.....#### #..#..#....KK#
##...###.###@# ###..#...#.#
### ##........#.########
##...####.>#.##.....# ...###
#...##..<..# ####
#..##..#..#####+### ...#
#..##..#..##[.....##
##.########..##.....'........#
#.......(##.#########.......#


You could see 2 kobolds.

Vanquished Creatures
  2 endoplasms (D:1)
  A hobgoblin (D:1)
  3 bats (D:1)
  A frilled lizard (D:1)
7 creatures vanquished.

Notes
Turn   | Place    | Note
-------+----------+-------------------------------------------
     0 | D:1      | quixfox the Gargoyle Earth Elementalist began the quest for
                  | the Orb.
     0 | D:1      | Reached XP level 1. HP: 10/10 MP: 3/3
    38 | D:1      | Found a faded altar of an unknown god.
   151 | D:1      | Reached XP level 2. HP: 10/15 MP: 0/5
   161 | D:1      | Reached skill level 4 in Earth Magic
   167 | D:1      | Slain by a kobold

Illustrated notes

Levels and vault maps discovered:
D:1:      dpeg_arrival_rooms_b, layout_rooms, basic_ecumenical_altar

Skill      XL: |  1  2 |
---------------+-------+-----
Earth Magic    | 4 |  4.0
Dodging        | |  1.5
Stealth        | |  2.1
Spellcasting   | |  2.3
Transmutations | |  0.7

Action                   || total
-------------------------++-------
Melee: Unarmed           ||    16
 Cast: Sandblast         ||     9
Armor: Robe              ||    25
Dodge: Dodged            ||    43

Table legend: (Time is in decaauts)
 A = Elapsed time spent in this place.
 B = Non-inter-level travel time spent in this place.
 C = Inter-level travel time spent in this place.
 D = Time resting spent in this place.
 E = Time spent auto-exploring this place.
 F = Levels seen in this place.
 G = Mean time per level.
                   A        B        C        D        E       F      G
               +--------+--------+--------+--------+--------+-----+--------+
         Total |    176 |    176 |      0 |      0 |    112 |   1 |  176.0 |
       Dungeon |    176 |    176 |      0 |      0 |    112 |   1 |  176.0 |
               +--------+--------+--------+--------+--------+-----+--------+

Top non-repeatable levels by time:
     D:1: 176 daAuts
